 Dungeon Crawl Stone Soup version 0.27-a0-1528-g90fbb72469 (webtiles) character file.

Game seed: 14176121540818753101

42 Conn the Firebug (level 3, 0/21 HPs)
             Began as an Octopode Fire Elementalist on July 11, 2021.
             Frozen to death by an endoplasm (5 damage)
             ... on level 2 of the Dungeon.
             The game lasted 00:02:32 (1384 turns).

Conn the Firebug (Octopode Fire Elementalist)       Turns: 1384, Time: 00:02:34

Health: 0/21       AC:  1    Str:  7    XL:     3   Next: 56%
Magic:  5/6        EV: 13    Int: 18    God:
Gold:   51         SH:  0    Dex: 12    Spells: 2/6 levels left

rFire    . . .     SeeInvis .   d - +1 dagger (freeze)
rCold    . . .     Faith    .   (no shield)
rNeg     . . .     Spirit   .   (helmet restricted)
rPois    .         Reflect  .   (no amulet)
rElec    .         Harm     .   (no ring)
rCorr    .         Rampage  .   (no ring)
Will     .....                  (no ring)
Stlth    +++.......             (no ring)
HPRegen  0.07/turn              (no ring)
MPRegen  0.10/turn              (no ring)
                                (no ring)
                                (no ring)

@: no status effects
A: almost no armour, amphibious, 8 rings, camouflage 1, gelatinous body 1,
(nimble swimmer 1), tentacles
a: no special abilities


You were on level 2 of the Dungeon.
You visited 1 branch of the dungeon, and saw 2 of its levels.

You collected 51 gold pieces.

Inventory:

Hand Weapons
 d - a +1 dagger of freezing (weapon)
Missiles
 e - 6 javelins


   Skills:
 + Level 2.2 Dodging
 + Level 3.1 Stealth
 + Level 2.3 Spellcasting
 * Level 1.3 Conjurations
 * Level 3.7 Fire Magic


You had 2 spell levels left.
You knew the following spells:

 Your Spells              Type           Power      Damage    Failure   Level
a - Foxfire               Conj/Fire      44%        2x1d6     6%          1
b - Conjure Flame         Conj/Fire      11%        6-21      19%         3

Your spell library contained the following spells:

 Spells                   Type           Power      Damage    Failure   Level
 Animate Skeleton         Necr           4%         N/A       17%         1
 Pain                     Necr           8%         1d4       17%         1
 Inner Flame              Hex/Fire       8%         N/A       24%         3
 Vampiric Draining        Necr           1%         2d6       45%         3
 Sticky Flame             Conj/Fire      11%        2d3       52%         4
 Fireball                 Conj/Fire      5%         3d5       86%         5


Dungeon Overview and Level Annotations

Branches:
Dungeon (2/15)

Altars:


Innate Abilities, Weirdness & Mutations

You cannot wear most types of armour.
You are amphibious.
You can wear up to eight rings at the same time.
Your skin changes colour to match your surroundings (Stealth+).
Your rubbery body absorbs attacks. (AC +1, EV +1)
((You are camouflaged near water. (Stealth+)))
You have tentacles for arms and can constrict up to eight enemies at once.


Message History

The worm is pulled toward you! The worm is pulled toward you!
The worm is pulled toward you! x2
The worm is pulled toward you!
There is a stone staircase leading up here.
The worm is pulled toward you!
Found a spear.
An endoplasm comes into view.
The endoplasm is pulled toward you!
Found 15 bolts.
The worm is pulled toward you!
The worm is pulled toward you! x2; The endoplasm is pulled toward you!
The endoplasm is pulled toward you!
You see here 15 bolts.
The endoplasm is pulled toward you!
Found a quarterstaff.
The endoplasm quivers.
The worm is pulled toward you!
You feel less attractive to monsters.
You see here a +0 quarterstaff.
A dart slug comes into view.
A ball python comes into view.
The endoplasm hits you.
* * * LOW HITPOINT WARNING * * *
The ball python hisses angrily.
A ball python comes into view.
Casting: Foxfire (safe; 6% risk of failure)
Confirm with . or Enter, or press ? or * to list all spells.
You conjure some foxfire!
The ball python hisses angrily.
A hobgoblin comes into view.
The endoplasm freezes you.
You are frozen.
* * * LOW HITPOINT WARNING * * *
The foxfire hits the ball python.
The ball python is severely wounded.
The foxfire hits the ball python.
You kill the ball python!
The endoplasm freezes you.
You are frozen.
You die...

................###
...#.#
.###.....#...(w####
.......
.....).....###J#
.............#.#
..........##.).#
w........#.....#
.........#.....#
.........#######...
..........J@§......
............§..##..
...............#
......S........#
.........#######
#........ .........
.......


You could see an endoplasm and a ball python.

Vanquished Creatures
  An adder (D:2)
  A dart slug (D:1)
  4 ball pythons
  2 endoplasms (D:1)
  A giant cockroach (D:1)
  A goblin (D:2)
  5 hobgoblins (D:1)
  2 jackals (D:1)
  2 quokkas
  2 bats (D:1)
  3 frilled lizards (D:1)
  3 kobolds
  4 rats
31 creatures vanquished.

Vanquished Creatures (others)
  74 foxfires
74 creatures vanquished.

Grand Total: 105 creatures vanquished

Notes
Turn   | Place    | Note
-------+----------+-------------------------------------------
     0 | D:1      | Conn the Octopode Fire Elementalist began the quest for the
                  | Orb.
     0 | D:1      | Reached XP level 1. HP: 11/11 MP: 3/3
   193 | D:1      | Reached XP level 2. HP: 17/17 MP: 0/5
   775 | D:1      | Reached XP level 3. HP: 18/21 MP: 6/6
  1200 | D:2      | Learned a level 3 spell: Conjure Flame
  1384 | D:2      | Frozen to death by an endoplasm

Illustrated notes

Levels and vault maps discovered:
D:1:      heliophobic_arrival_dark_side_of_the_moon, layout_basic,
          grunt_decor_arrowhead
D:2:      layout_basic, dreamdust_ecumenical_altar_statues, uniq_jessica

Skill      XL: |  1  2 |
---------------+-------+-----
Stealth        | 3 |  3.1
Dodging        | |  2.2
Spellcasting   | |  2.3
Conjurations   | |  1.3
Fire Magic     | |  3.7

Action                   || total
-------------------------++-------
Melee: Dagger            ||    25
       Unarmed           ||     5
       Constrict         ||     5
       Tentacles         ||     3
 Cast: Foxfire           ||    40
  Use: Potion            ||     2
       Scroll            ||     1
 Stab: Sleeping          ||     5
Armor: Skin              ||     5
Dodge: Dodged            ||    18

Table legend: (Time is in decaauts)
 A = Elapsed time spent in this place.
 B = Non-inter-level travel time spent in this place.
 C = Inter-level travel time spent in this place.
 D = Time resting spent in this place.
 E = Time spent auto-exploring this place.
 F = Levels seen in this place.
 G = Mean time per level.
                   A        B        C        D        E       F      G
               +--------+--------+--------+--------+--------+-----+--------+
         Total |   1383 |   1346 |     37 |      0 |   1058 |   2 |  691.5 |
       Dungeon |   1383 |   1346 |     37 |      0 |   1058 |   2 |  691.5 |
               +--------+--------+--------+--------+--------+-----+--------+

Top non-repeatable levels by time:
     D:1: 1185 daAuts
     D:2: 197 daAuts
